 Dungeon Sprint DCSS version 0.30-a0-1161-g0704695555 (webtiles) character file.

Game seed: 14877726479032155046

10300000 123456 the Grand Master (level 27, -19/249 HPs)
             Began as a Demonspawn Gladiator on Apr 27, 2023.
             Was the Champion of Makhleb.
             Killed from afar by a scourge (45 damage)
             ... with a poison arrow
             ... in the Dungeon (Sprint VIII: "Arena of Blood").
             The game lasted 00:02:54 (103 turns).

123456 the Grand Master (Demonspawn Gladiator)       Turns: 103, Time: 00:02:55

Health: -19/249    AC:  8    Str: 14    XL:     27
Magic:  36/51      EV: 41    Int: 16    God:    Makhleb [******]
Gold:   0          SH:  0    Dex: 29    Spells: 75/75 levels left

rFire   . . .        k - +∞ Axe of Woe
rCold   . . .        (shield currently unavailable)
rNeg    . . .        a - +0 leather armour
rPois   .            b - +0 helmet
rElec   .            (no cloak)
rCorr   .            (no gloves)
SInv    +            (boots unavailable)
Will    ++...        (no amulet)
Stlth   ++++++++++   l - ring of see invisible
HPRegen 10.61/turn   (no ring)
MPRegen 0.32/turn

%: no teleportation, wizardry (x1)
@: lethally poisoned (-19 -> -20), slowed, very slow
A: hooves 3, ignite blood 3, powered by death 3, big brain 3, corrupting
presence 2, word of chaos
a: Word of Chaos, Renounce Religion, Minor Destruction, Lesser Servant of
Makhleb, Major Destruction, Greater Servant of Makhleb


You were in the Dungeon.
You worshipped Makhleb.
Makhleb was exalted by your worship.
You visited 1 branch

Inventory:

Hand Weapons
 k - the +∞ Axe of Woe (weapon)
   (You found it in the Dungeon)
Missiles
 c - 3 throwing nets (quivered)
 d - a javelin
Armour
 a - a +0 leather armour (worn)
 b - a +0 helmet (worn)
Jewellery
 l - a ring of see invisible (left hand)
Scrolls
 j - a scroll of blinking
Potions
 e - a potion of curing
 g - a potion of haste
 h - 2 potions of magic
 i - a potion of berserk rage


   Skills:
 O Level 27 Fighting
 + Level 26.0(27) Short Blades
 + Level 24.0(27) Long Blades
 O Level 27 Axes
 + Level 24.0(27) Maces & Flails
 + Level 24.0(27) Polearms
 + Level 23.9(27) Staves
 + Level 23.9 Ranged Weapons
 O Level 27 Throwing
 O Level 27 Armour
 O Level 27 Dodging
 O Level 27 Stealth
 + Level 24.5 Shields
 O Level 27 Unarmed Combat
 + Level 24.5 Spellcasting
 + Level 26.4 Conjurations
 + Level 26.4 Hexes
 O Level 27 Summonings
 O Level 27 Necromancy
 + Level 25.8 Translocations
 + Level 25.8 Transmutations
 + Level 25.9 Fire Magic
 + Level 25.8 Ice Magic
 + Level 25.8 Air Magic
 + Level 25.9 Earth Magic
 O Level 27 Poison Magic
 O Level 27 Invocations
 O Level 27 Evocations


You had 75 spell levels left.
You didn't know any spells.
Your spell library was empty.

Dungeon Overview and Level Annotations

Branches:
Dungeon (1/1)

Altars:
Makhleb


Innate Abilities, Weirdness & Mutations

You have hooves in place of feet.
Your demonic aura causes all spilled blood to erupt in flames.
You regenerate a lot of health from kills.
You have an absolutely massive brain. (Int +6, Wiz)
Your presence sometimes corrodes or deforms those you injure.
You can speak a Word of Chaos.


Message History

Your base Short Blades skill increases to level 26!
Your base Long Blades skill increases to level 24!
Your base Maces & Flails skill increases to level 24!
Your base Polearms skill increases to level 24!
Unknown command.
Unknown command.
The scourge appears out of thin air!
A scourge comes into view.
You hear a shout! x5
The tyrant gestures wildly while chanting.
The tyrant seems to speed up.
A meat berserker comes into view. It is wielding a +9 battleaxe.
The eight-headed meat hydra calls on the powers of darkness!
The eight-headed meat hydra convulses!
The scourge convulses!
The scourge hisses angrily.
Your body is wracked with pain!
* * * LOW HITPOINT WARNING * * *
You hear a shout! x5
Unknown command.
Okay, then.
You feel much better.
The eight-headed meat hydra appears out of thin air!
An eight-headed meat hydra comes into view.
The scourge appears out of thin air!
A scourge comes into view.
You hear a shout! x6
The tyrant waves its bony arms in wide circles.
The air twists around and strikes you!!
* * * LOW HITPOINT WARNING * * *
The tyrant waves its bony arms in wide circles.
The air twists around and strikes you!!!
* * * LOW HITPOINT WARNING * * *
A bag of meat comes into view. It is wielding a +9 war axe.
You hear a shout! x3
An observer comes into view.
You hear a shout!
The scourge throws poison sting at you. The poison arrow hits you!!!
You are poisoned.
You die...

..#....)))#......
......)))).........
.......))).....#...#
........)L))S..#§D..#
#.........)))).##.....
.....#......))#......
.............D#§§.###Go
....##.#....°M○)....L..
........)†.)°)°@...O...
####...)#..)S)####.....
.........)).)...#. ....
..........))........ #
###......)........##
#################


You could see an accursed, 2 tyrants, 2 eight-headed meat hydras, an observer
(wandering, fast, invisible), 2 scourges, a meat berserker (berserk) and a bag
of meat.

Vanquished Creatures
  5 hell beasts (D)
  3 royal mummies (D)
  A great orb of eyes (D)
  5 wraiths (D)
  9 vampire knights (D)
  21 ogres (D)
  5 two-headed ogres (D)
  2 liches (D)
  A hydra (D)
  2 phantoms (D)
  41 orcs (D)
  5 skeletal warriors (D)
100 creatures vanquished.

Notes
Turn   | Place    | Note
-------+----------+-------------------------------------------
     0 | D        | Found the +∞ Axe of Woe
     0 | D        | 123456 the Demonspawn Gladiator began the quest for the
                  | Orb.
     0 | D        | Reached XP level 1. HP: 16/16 MP: 1/1
     2 | D        | Noticed a bag of meat
     2 | D        | Noticed a bag of meat
     4 | D        | Became a worshipper of Makhleb the Destroyer
     4 | D        | Noticed a bag of meat
     5 | D        | Noticed a bag of meat
     7 | D        | Killed a bag of meat
     7 | D        | Noticed a meat berserker
     7 | D        | Noticed a meat berserker
     8 | D        | Reached skill level 15 in Dodging
     8 | D        | Reached skill level 15 in Unarmed Combat
     8 | D        | Gained mutation: Your demonic aura sometimes causes spilled
                  | blood to erupt in flames. [demonic ancestry]
     8 | D        | Reached XP level 2. HP: 34/34 MP: 2/2
     8 | D        | Gained mutation: You have an unusually large brain. (Int
                  | +2) [demonic ancestry]
     8 | D        | Reached XP level 3. HP: 39/39 MP: 3/3
     8 | D        | Gained mutation: You have large cloven feet. [demonic
                  | ancestry]
     8 | D        | Reached XP level 4. HP: 46/46 MP: 4/4
     8 | D        | Reached XP level 5. HP: 52/52 MP: 5/5
     8 | D        | Gained mutation: You regenerate a little health from kills.
                  | [demonic ancestry]
     8 | D        | Reached XP level 6. HP: 58/58 MP: 6/6
     8 | D        | Gained mutation: Your demonic aura often causes spilled
                  | blood to erupt in flames. [demonic ancestry]
     8 | D        | Reached XP level 7. HP: 64/64 MP: 7/7
     8 | D        | Gained mutation: Your demonic aura causes all spilled blood
                  | to erupt in flames. [demonic ancestry]
     8 | D        | Reached XP level 8. HP: 71/71 MP: 8/8
     8 | D        | Gained mutation: You have an extremely huge brain. (Int +4)
                  | [demonic ancestry]
     8 | D        | Reached XP level 9. HP: 76/76 MP: 9/9
     8 | D        | Gained mutation: You have hoof-like feet. [demonic
                  | ancestry]
     8 | D        | Reached XP level 10. HP: 83/83 MP: 10/10
     8 | D        | Killed a bag of meat
     8 | D        | Reached * piety under Makhleb
     9 | D        | Reached skill level 10 in Fighting
     9 | D        | Reached skill level 1 in Axes
     9 | D        | Reached XP level 11. HP: 65/92 MP: 11/11
     9 | D        | Killed a bag of meat
     9 | D        | Killed a bag of meat
    10 | D        | Reached skill level 5 in Axes
    10 | D        | Reached XP level 12. HP: 31/102 MP: 12/12
    10 | D        | Reached XP level 13. HP: 33/108 MP: 13/13
    10 | D        | Killed a meat berserker
    10 | D        | Reached ** piety under Makhleb
    10 | D        | Killed a meat berserker
    11 | D        | Reached XP level 14. HP: 91/121 MP: 14/14
    11 | D        | Noticed a meat berserker
    11 | D        | Noticed a meat berserker
    11 | D        | Noticed a bag of meat
    11 | D        | Noticed a bag of meat
    12 | D        | Noticed a meat berserker
    12 | D        | Noticed a bag of meat
    13 | D        | Noticed a bag of meat
    13 | D        | Noticed a destroyer
    14 | D        | Killed a bag of meat
    14 | D        | Noticed a bag of meat
    14 | D        | Noticed a meat berserker
    14 | D        | Noticed a meat berserker
    15 | D        | Killed a destroyer
    15 | D        | Reached *** piety under Makhleb
    15 | D        | Noticed a destroyer
    16 | D        | Reached skill level 15 in Fighting
    16 | D        | Gained mutation: You have hooves in place of feet. [demonic
                  | ancestry]
    16 | D        | Reached XP level 15. HP: 68/130 MP: 15/15
    16 | D        | Killed a meat berserker
    16 | D        | Killed a meat berserker
    16 | D        | Killed a meat berserker
    16 | D        | Reached **** piety under Makhleb
    17 | D        | Reached skill level 5 in Armour
    17 | D        | Reached skill level 27 in Unarmed Combat
    17 | D        | Gained mutation: Your presence sometimes corrodes those you
                  | injure. [demonic ancestry]
    17 | D        | Reached XP level 16. HP: 140/145 MP: 16/16
    17 | D        | Killed a meat berserker
    17 | D        | Reached ***** piety under Makhleb
    18 | D        | Reached skill level 27 in Dodging
    18 | D        | Gained mutation: You regenerate health from kills. [demonic
                  | ancestry]
    18 | D        | Reached XP level 17. HP: 157/157 MP: 17/17
    18 | D        | Killed a meat berserker
    18 | D        | Noticed a meat berserker
    19 | D        | Noticed a meat berserker
    20 | D        | Noticed a destroyer
    20 | D        | Noticed a large bag of meat
    21 | D        | Noticed a large bag of meat
    21 | D        | Noticed a meat berserker
    22 | D        | Noticed a destroyer
    22 | D        | Killed a destroyer
    22 | D        | Killed a meat berserker
    23 | D        | Reached skill level 10 in Armour
    24 | D        | Reached skill level 27 in Axes
    24 | D        | Reached XP level 18. HP: 181/181 MP: 18/18
    24 | D        | Noticed a meat berserker
    25 | D        | Killed a meat berserker
    25 | D        | Noticed a meat berserker
    26 | D        | Reached skill level 27 in Fighting
    26 | D        | Killed a destroyer
    26 | D        | Reached ****** piety under Makhleb
    26 | D        | Noticed a destroyer
    28 | D        | Killed a large bag of meat
    28 | D        | Killed a meat berserker
    28 | D        | Noticed a large bag of meat
    29 | D        | Reached skill level 27 in Throwing
    29 | D        | Gained mutation: You regenerate a lot of health from kills.
                  | [demonic ancestry]
    29 | D        | Reached XP level 19. HP: 167/189 MP: 19/19
    30 | D        | Killed a destroyer
    30 | D        | Killed a meat berserker
    31 | D        | Reached skill level 27 in Armour
    31 | D        | Killed a meat berserker
    32 | D        | Reached skill level 5 in Long Blades
    32 | D        | Reached skill level 5 in Maces & Flails
    32 | D        | Reached skill level 5 in Polearms
    32 | D        | Reached skill level 5 in Staves
    32 | D        | Reached skill level 5 in Ranged Weapons
    32 | D        | Reached skill level 5 in Shields
    32 | D        | Reached skill level 5 in Spellcasting
    32 | D        | Reached XP level 20. HP: 197/197 MP: 19/28
    32 | D        | Killed a large bag of meat
    33 | D        | Reached skill level 10 in Invocations
    35 | D        | Noticed a meat berserker
    36 | D        | Reached skill level 10 in Necromancy
    36 | D        | Killed a destroyer
    37 | D        | Reached skill level 10 in Short Blades
    37 | D        | Reached skill level 10 in Translocations
    37 | D        | Reached skill level 10 in Transmutations
    37 | D        | Reached skill level 10 in Fire Magic
    37 | D        | Reached skill level 10 in Ice Magic
    37 | D        | Reached skill level 10 in Air Magic
    37 | D        | Reached skill level 10 in Earth Magic
    37 | D        | Reached XP level 21. HP: 204/204 MP: 19/34
    37 | D        | Killed a large bag of meat
    37 | D        | Noticed a large bag of meat
    38 | D        | Reached skill level 10 in Long Blades
    38 | D        | Reached skill level 10 in Maces & Flails
    38 | D        | Reached skill level 10 in Polearms
    38 | D        | Reached skill level 10 in Staves
    38 | D        | Reached skill level 10 in Ranged Weapons
    38 | D        | Reached skill level 10 in Shields
    38 | D        | Reached skill level 10 in Spellcasting
    38 | D        | Reached skill level 15 in Invocations
    38 | D        | Noticed a destroyer
    41 | D        | Noticed a destroyer
    42 | D        | Gained mutation: Your presence sometimes corrodes or
                  | deforms those you injure. [demonic ancestry]
    42 | D        | Reached XP level 22. HP: 212/212 MP: 20/37
    43 | D        | Noticed a large bag of meat
    45 | D        | Killed a large bag of meat
    46 | D        | Reached skill level 15 in Necromancy
    46 | D        | Noticed a tyrant
    47 | D        | Killed a destroyer
    48 | D        | Reached skill level 15 in Summonings
    48 | D        | Reached skill level 15 in Poison Magic
    48 | D        | Reached skill level 15 in Evocations
    49 | D        | Killed a large bag of meat
    51 | D        | Gained mutation: You have an absolutely massive brain. (Int
                  | +6, Wiz) [demonic ancestry]
    51 | D        | Reached XP level 23. HP: 192/219 MP: 22/40
    51 | D        | Killed a destroyer
    52 | D        | Reached skill level 15 in Short Blades
    52 | D        | Reached skill level 15 in Translocations
    52 | D        | Reached skill level 15 in Transmutations
    52 | D        | Reached skill level 15 in Fire Magic
    52 | D        | Reached skill level 15 in Ice Magic
    52 | D        | Reached skill level 15 in Air Magic
    52 | D        | Reached skill level 15 in Earth Magic
    53 | D        | Reached skill level 15 in Stealth
    53 | D        | Reached skill level 15 in Conjurations
    53 | D        | Reached skill level 15 in Hexes
    53 | D        | Noticed an accursed
    54 | D        | Noticed a tyrant
    55 | D        | Noticed an accursed
    57 | D        | Killed a tyrant
    57 | D        | Noticed a destroyer
    62 | D        | Killed a destroyer
    63 | D        | Reached skill level 15 in Long Blades
    63 | D        | Reached skill level 15 in Maces & Flails
    63 | D        | Reached skill level 15 in Polearms
    63 | D        | Reached skill level 15 in Staves
    63 | D        | Reached skill level 15 in Ranged Weapons
    63 | D        | Reached skill level 15 in Shields
    63 | D        | Reached skill level 15 in Spellcasting
    63 | D        | Gained mutation: You can speak a Word of Chaos. [demonic
                  | ancestry]
    63 | D        | Reached XP level 24. HP: 227/227 MP: 25/42
    64 | D        | Noticed a dread
    65 | D        | Noticed a meat beast
    66 | D        | Killed a meat beast
    67 | D        | Noticed a meat beast
    67 | D        | Killed a meat beast
    67 | D        | Noticed a meat beast
    68 | D        | Reached XP level 25. HP: 233/234 MP: 26/43
    68 | D        | Killed a dread
    69 | D        | Noticed a dread
    69 | D        | Noticed a destroyer
    70 | D        | Noticed a dread
    70 | D        | Noticed a dread
    71 | D        | Killed a meat beast
    72 | D        | Reached skill level 27 in Invocations
    74 | D        | Noticed a dread
    75 | D        | Killed an accursed
    76 | D        | Reached XP level 26. HP: 97/242 MP: 28/45
    77 | D        | Killed a dread
    78 | D        | Killed a dread
    79 | D        | Killed a destroyer
    80 | D        | Killed a dread
    81 | D        | Killed an accursed
    82 | D        | Reached XP level 27. HP: 78/249 MP: 29/47
    85 | D        | Killed a dread
    85 | D        | Noticed a meat beast
    86 | D        | Noticed a meat beast
    88 | D        | Killed a meat beast
    89 | D        | Reached skill level 27 in Necromancy
    91 | D        | Noticed an accursed
    92 | D        | Killed a meat beast
    95 | D        | Noticed a tyrant
    98 | D        | Reached skill level 27 in Summonings
    98 | D        | Reached skill level 27 in Poison Magic
    98 | D        | Reached skill level 27 in Evocations
    98 | D        | Noticed an accursed
    98 | D        | Killed an accursed
    99 | D        | Reached skill level 27 in Stealth
    99 | D        | Noticed a tyrant
   100 | D        | Noticed a tyrant
   101 | D        | Killed a tyrant
   103 | D        | Killed from afar by a scourge

Illustrated notes

Levels and vault maps discovered:
D:        meatsprint

Skill      XL: |  1  2  3  4  5  6  7  8  9 10 11 12 13 14 15 16 17 18 19 20 21 22 23 24 25 26 27 |
---------------+----------------------------------------------------------------------------------+-----
Fighting       | 9 10 12 14 15 18 20 26 27 | 27.0
Throwing       | 8 9 11 13 14 16 18 21 27 | 27.0
Dodging        | 15 17 19 22 24 26 27 | 27.0
Unarmed Combat | 15 17 19 22 24 27 | 27.0
Axes           | 1 5 9 11 16 21 27 | 27.0
Armour         | 2 5 8 12 25 27 | 27.0
Short Blades   | 6 10 12 14 16 18 20 22 26 | 26.0
Long Blades    | 5 9 11 13 15 16 18 20 24 | 24.0
Maces & Flails | 5 9 11 13 15 16 18 20 24 | 24.0
Polearms       | 5 9 11 13 15 16 18 20 24 | 24.0
Staves         | 5 9 11 13 15 16 18 20 23 | 23.9
Ranged Weapons | 5 9 11 13 15 16 18 20 23 | 23.9
Stealth        | 6 9 12 14 16 18 20 22 27 | 27.0
Shields        | 5 9 11 13 15 16 18 20 24 | 24.5
Spellcasting   | 5 9 11 13 15 16 18 20 24 | 24.5
Conjurations   | 6 9 12 14 16 18 20 22 26 | 26.4
Hexes          | 6 9 12 14 16 18 20 22 26 | 26.4
Summonings     | 7 11 13 15 18 20 22 24 27 | 27.0
Necromancy     | 7 12 14 17 19 21 24 26 27 | 27.0
Translocations | 6 10 12 14 16 18 20 22 25 | 25.8
Transmutations | 6 10 12 14 16 18 20 22 25 | 25.8
Fire Magic     | 6 10 12 14 16 18 20 22 25 | 25.9
Ice Magic      | 6 10 12 14 16 18 20 22 25 | 25.8
Air Magic      | 6 10 12 14 16 18 20 22 25 | 25.8
Earth Magic    | 6 10 12 14 16 18 20 22 25 | 25.9
Poison Magic   | 7 11 13 15 18 20 22 24 27 | 27.0
Invocations    | 9 14 17 19 23 25 27 | 27.0
Evocations     | 7 11 13 15 18 20 22 24 27 | 27.0

Action                     |  1- 3 |  4- 6 |  7- 9 | 10-12 | 13-15 | 16-18 | 19-21 | 22-24 | 25-27 || total
---------------------------+-------+-------+-------+-------+-------+-------+-------+-------+-------++-------
  Melee: Executioner's axe |     1 |       |       |     2 |     4 |     7 |    10 |    13 |    22 ||    59
    Use: Potion            |       |       |       |       |       |       |       |       |     1 ||     1
   Stab: Distracted        |       |       |       |       |       |       |       |       |     1 ||     1
 Armour: Leather armour    |       |       |       |       |       |       |       |     1 |       ||     1
  Dodge: Dodged            |       |       |       |     1 |     1 |     2 |       |     4 |     4 ||    12

Table legend: (Time is in decaauts)
 A = Elapsed time spent in this place.
 B = Non-inter-level travel time spent in this place.
 C = Inter-level travel time spent in this place.
 D = Time resting spent in this place.
 E = Time spent auto-exploring this place.
 F = Levels seen in this place.
 G = Mean time per level.
                   A        B        C        D        E       F      G
               +--------+--------+--------+--------+--------+-----+--------+
         Total |     92 |     92 |      0 |      0 |      0 |   1 |   92.0 |
       Dungeon |     92 |     92 |      0 |      0 |      0 |   1 |   92.0 |
               +--------+--------+--------+--------+--------+-----+--------+

Top non-repeatable levels by time:
       D: 92 daAuts
